[Event "45th FIDE Olympiad 2024"]
[Site "Budapest"]
[Date "2024.09.12"]
[Round "2.149"]
[White "Miguel, Sergio"]
[Black "Bogner, Sebastian"]
[Result "1-0"]
[ECO "B51"]
[WhiteElo "2241"]
[BlackElo "2545"]
[Annotator "TA"]
[PlyCount "117"]
[EventDate "2024.09.05"]
[EventType "team-tourn"]
[EventCountry "HUN"]
[SourceTitle "playchess.com"]
[Source "ChessBase"]
[SourceQuality "1"]
[WhiteTeam "Angola"]
[BlackTeam "Switzerland"]
[WhiteTeamCountry "ANG"]
[BlackTeamCountry "SUI"]
[TimeControl "40/5400+30:1800+30"]

1. e4 c5 2. Nf3 d6 3. Bb5+ Nd7 4. d4 Ngf6 5. Nc3 cxd4 6. Qxd4 e5 7. Qd3 h6 8. Be3 a6 {B51: Sicilian: Moscow Variation (3 Bb5+) without 3...Bd7.} 9. Ba4 b5 10. Bb3 Bb7 11. a4 Qa5 12. O-O (12. axb5 $2 Qxa1+ 13. Nd1 Bxe4 $19) 12... b4 13. Nd5 Bxd5 14. Bxd5 (14. exd5 $2 e4 15. Qc4 (15. Rae1 $2 Be7 $19) 15... exf3 $17) 14... Nxd5 15. Qxd5 Qxd5 16. exd5 Nf6 $146 ({Predecessor:} 16... Rc8 17. Rac1 Nf6 18. Rfd1 Be7 19. g3 Kd7 20. Ne1 Rb8 21. Ng2 Bd8 22. h3 Ba5 {0-1 Vyskocil,N (2347)-Cernousek,L (2431) Pardubice tt 2009 (6)}) 17. Rfd1 Be7 18. a5 Rb8 19. c4 bxc3 20. bxc3 Kd7 21. c4 Rhc8 22. c5 (22. Nd2 $11 {remains equal.}) 22... Rb5 $17 23. h3 Ne4 24. c6+ Ke8 25. Rdb1 (25. Nd2 $1 $11 Nc3 26. Nc4) 25... Rxd5 (25... Nc3 $1 $17 26. Rxb5 axb5) 26. Rb6 $11 Nc5 27. Rc1 Nd3 $2 (27... Kd8 $11 {and Black stays safe.}) 28. Rcb1 $1 $18 Nc5 (28... Rxa5 $2 29. Rb8 f5 30. Rxc8+ $18) 29. Rc1 $2 (29. Rb8 $1 $18 Kd8 30. R1b7) 29... e4 30. Nd2 $1 Bg5 31. Nc4 Ke7 32. Bxg5+ (32. f3 $11) 32... Rxg5 33. Ne3 Ke6 34. Kf1 Rc7 ({Black should play} 34... Nd3 $15 35. Rc4 Rxa5 36. Rxe4+ Ne5) 35. Rc4 Re5 36. g4 g6 37. Rd4 {[#]} (37. Ke2 $11) 37... d5 (37... f5 $1 $17 {...f4 is the strong threat.} 38. Rc4 Nd3 (38... f4 39. Nc2 $17) 39. gxf5+ gxf5) 38. Rb8 $11 Nd3 (38... Rxc6 $6 39. Re8+ Kf6 40. Nxd5+ Rxd5 41. Rxd5 $18) ({Black should try} 38... f6 $1 $11) 39. Re8+ (39. Nxd5 $1 $14 Rxd5 (39... Rxc6 $2 {perishes.} 40. Re8+ Kd6 41. Nf6+ Kc5 42. Rxd3 $18) 40. Re8+ (40. Rxe4+ $2 Kd6 $19) 40... Kd6 41. Rd8+ (41. Rdxe4 $2 {too greedy.} Kxc6 42. Ra4 Kb5 $19) 41... Ke6 42. R8xd5 (42. R4xd5 Rxc6 43. Rd4 f5 $16) 42... Rxc6 43. Rd8 (43. Rxe4+ $2 Kxd5 44. Re3 Ne5 $19)) 39... Re7 $2 (39... Kd6 $1 $11 {and Black has nothing to worry.} 40. Rxe5 Kxe5 41. Rxd5+ Ke6) 40. Rxe7+ $18 Kxe7 41. Nxd5+ Kd8 {[#]} 42. f4 $1 Nxf4 43. Nxf4+ Kc7 44. Rd7+ Kxc6 45. Rxf7 g5 46. Rf6+ Kd7 47. Ne2 Rxa5 48. Rxh6 Ra3 49. Kg2 a5 50. Rg6 a4 51. Rxg5 Ra2 52. Kf2 e3+ 53. Kxe3 Ra3+ 54. Kf4 Rxh3 55. Ra5 Ra3 56. g5 Ke6 57. Ra6+ Kf7 58. Kf5 Rf3+ 59. Nf4 1-0

[Event "45th FIDE Olympiad 2024"]
[Site "Budapest"]
[Date "2024.09.12"]
[Round "2.150"]
[White "Pelletier, Yannick"]
[Black "Sapalo, Gabriel"]
[Result "1-0"]
[ECO "D41"]
[WhiteElo "2526"]
[BlackElo "2058"]
[Annotator "TA"]
[PlyCount "93"]
[EventDate "2024.09.05"]
[EventType "team-tourn"]
[EventCountry "HUN"]
[SourceTitle "playchess.com"]
[Source "ChessBase"]
[SourceQuality "1"]
[WhiteTeam "Switzerland"]
[BlackTeam "Angola"]
[WhiteTeamCountry "SUI"]
[BlackTeamCountry "ANG"]
[TimeControl "40/5400+30:1800+30"]

1. Nf3 Nf6 2. c4 e6 3. Nc3 d5 4. d4 c5 5. cxd5 cxd4 6. Qxd4 exd5 7. e4 dxe4 8. Qxd8+ Kxd8 9. Ng5 {[%csl LRe4,LRf7] White is slightly better.} Be6 10. Nxe6+ fxe6 11. Bc4 Kd7 12. Bg5 Bb4 13. O-O-O+ Ke7 $1 14. Rhe1 $36 {[%mdl 2048] White has good play.} (14. Nxe4 $2 Rc8 15. b3 b5 $19) 14... Bxc3 15. bxc3 Rc8 {White now steadily converts the win.} (15... Nbd7 $14) 16. Rxe4 $18 Rc6 17. Bd5 {This pair of bishops is nice.} Rb6 18. Rde1 Nbd7 19. Rxe6+ (19. Bxe6 Nc5 20. Bb3+ (20. Bxf6+ gxf6 21. Bd5+ Nxe4 $17) 20... Ncxe4 21. Rxe4+ Kf8 $11) 19... Kf8 20. Rxb6 axb6 21. Bb3 (21. Bxb7 Rxa2 22. Kb1 Ra5) 21... Re8 (21... Nc5 $16) 22. Rxe8+ Kxe8 {[%mdl 4096] Endgame. KBB-KNN} 23. f3 {Wards off Ne4} Ke7 24. Kd2 Nc5 25. Ke3 h6 26. Bxf6+ (26. Bh4 g5 27. Be1 Nxb3 28. axb3 h5 $18) 26... Kxf6 {KB-KN} 27. Kd4 Ke7 28. f4 h5 29. g3 h4 30. gxh4 Kf6 31. Bc2 Ne6+ 32. Ke4 Nc5+ 33. Kd5 Ne6 34. Ke4 Nc5+ $1 35. Kd5 (35. Kf3 $142) 35... Ne6 36. f5 (36. Kd6 $142) 36... Nf4+ (36... Nc7+ 37. Kc4 Ke5) 37. Kd6 {[#] Hoping for a4.} b5 38. Kc5 Ne2 39. Kb4 {[%cal Oa2a3] a3! is the strong threat.} ({Worse is} 39. Kxb5 Nxc3+ 40. Kc4 Nxa2 $11) 39... Ke5 40. a3 ({Stronger than} 40. Kxb5 Nxc3+ 41. Kb6 Nxa2 $11) 40... Nf4 41. Kxb5 {And now Kb6 would win.} Nd5 42. Kc5 {a4 would now be deadly.} Nxc3 43. Kb6 Kd6 44. Kxb7 (44. a4 $142 Na2 45. Kxb7) 44... Kc5 {[#]} 45. f6 $1 {White mates.} gxf6 46. h5 Nb5 47. Bg6 {Weighted Error Value: White=0.36/Black=0.27 (precise) .  Mistake:       	White=1     	Black=3      Inaccurate:     	White=1     	Black=4      OK:         	White=18    	Black=5      Best:        	White=1     	Black=4      Strong:       	---       	Black=2} 1-0

[Event "45th FIDE Olympiad 2024"]
[Site "Budapest"]
[Date "2024.09.12"]
[Round "2.151"]
[White "Silva, David"]
[Black "Peng, Li Min"]
[Result "0-1"]
[ECO "B90"]
[WhiteElo "2363"]
[BlackElo "2514"]
[Annotator "TA"]
[PlyCount "110"]
[EventDate "2024.09.05"]
[EventType "team-tourn"]
[EventCountry "HUN"]
[SourceTitle "playchess.com"]
[Source "ChessBase"]
[SourceQuality "1"]
[WhiteTeam "Angola"]
[BlackTeam "Switzerland"]
[WhiteTeamCountry "ANG"]
[BlackTeamCountry "SUI"]
[TimeControl "40/5400+30:1800+30"]

1. e4 c5 2. Nf3 d6 3. Nc3 Nf6 4. d4 cxd4 5. Nxd4 a6 6. a3 Nbd7 {B90: Sicilian Najdorf: Unusual White 6th moves, 6 Be3 Ng4 and 6 Be3 e5.} 7. g4 h6 8. Bg2 $146 ({Predecessor:} 8. h4 g6 9. Bg2 Ne5 10. g5 Nh5 11. f4 Bg4 12. Qd2 Nc4 13. Qd3 Rc8 14. b3 {0-1 Chigaev,M (2631)-Xiong,J (2709) PNWCC Online Blitz JP 21 2021 (8)}) 8... Ne5 9. h3 g5 10. Qe2 Bd7 11. f4 gxf4 12. Bxf4 Rc8 $1 13. O-O-O Rxc3 $1 14. bxc3 Qc7 15. Bxe5 dxe5 16. Nb3 $1 e6 17. Kb2 Bb5 18. Qf3 Nd7 19. Rxd7 (19. Bf1 $11 Bc6 20. Rh2) 19... Bxd7 $17 (19... Qxd7 $6 20. Qf6 Rg8 21. Qxe5 $11) 20. Rd1 Be7 21. Qd3 Bb5 22. Qe3 Kf8 23. Qg3 a5 24. Bf1 Bc6 25. Bd3 a4 26. Nd2 Qb6+ 27. Ka2 Qc5 28. Nb1 Bg5 29. h4 (29. Nd2 $17) 29... Bf4 $19 30. Qf3 Ke7 31. Qe2 (31. Re1 {is a better defense.}) 31... Rg8 $19 32. c4 Qd4 33. Qe1 Qe3 (33... Rxg4 34. Be2 Qxe4 35. Bxg4 $16) (33... b6 $19 {[%cal Od4c5] ...Qc5! is the strong threat.} 34. g5 hxg5 35. hxg5 Qc5 (35... Rxg5 36. Nc3 $17)) 34. Qb4+ $15 Kf6 35. Nc3 $1 Rxg4 36. Qf8 (36. Nd5+ $1 $11 exd5 37. cxd5 Rxh4 38. dxc6 bxc6 39. Qxa4) 36... Rg2 $17 (36... Rxh4 $2 {perishes.} 37. Qd8+ Kg7 38. Qxh4 $18) 37. h5 ({White should try} 37. Nb5 Qg3 (37... Bxe4 38. Nd6 Rg7 39. Bxe4) 38. Qh8+ Kg6 39. Nd6) 37... Rd2 $17 38. Rxd2 Qxd2 39. Nd5+ $2 (39. Nb5 $17 {is tougher.}) 39... exd5 $19 40. exd5 e4 $1 41. Bxe4 Qe1 42. Qh8+ Ke7 43. Qd4 Bd7 44. c5 Qg3 45. d6+ Bxd6 46. cxd6+ Qxd6 47. Qe3 Be6+ 48. Kb1 Qd1+ 49. Kb2 Qxh5 50. Qc3 $2 (50. Bd3) 50... Qb5+ $19 51. Kc1 Qf1+ 52. Kb2 Qf6 (52... Qb5+ $2 53. Kc1 $17) 53. Bxb7 (53. Bf3 $19) 53... h5 54. Bc6 h4 55. Bh1 h3 0-1

[Event "45th FIDE Olympiad 2024"]
[Site "Budapest"]
[Date "2024.09.12"]
[Round "2.152"]
[White "Kurmann, Oliver"]
[Black "Junior, Domingos"]
[Result "1-0"]
[ECO "B15"]
[WhiteElo "2421"]
[BlackElo "2183"]
[Annotator "TA"]
[PlyCount "68"]
[EventDate "2024.09.05"]
[EventType "team-tourn"]
[EventCountry "HUN"]
[SourceTitle "playchess.com"]
[Source "ChessBase"]
[SourceQuality "1"]
[WhiteTeam "Switzerland"]
[BlackTeam "Angola"]
[WhiteTeamCountry "SUI"]
[BlackTeamCountry "ANG"]
[TimeControl "40/5400+30:1800+30"]

1. e4 c6 2. d4 d5 3. Nd2 dxe4 4. Nxe4 Nf6 5. Nxf6+ exf6 6. c3 Bf5 7. Ne2 Bd6 8. Ng3 Bg6 9. Qe2+ Qe7 {The position is equal.} 10. Qxe7+ Kxe7 11. f4 Nd7 12. Kf2 Rhe8 13. h4 h6 14. h5 Bc2 15. Be3 f5 16. Rc1 Be4 17. Nxe4 fxe4 18. Be2 $36 {[%mdl 2048] Black is under pressure.} f5 19. c4 Nf8 (19... Nf6 $11) 20. g3 (20. Rhd1 $16) 20... Ne6 (20... Nd7 $14) 21. Rhd1 $16 Rf8 22. c5 Bc7 23. d5 cxd5 24. Rxd5 Rad8 {Dodges c6} 25. Rcd1 {White is more active.} Kf6 (25... b6 $16) 26. Bc4 $18 Rxd5 27. Bxd5 (27. Rxd5 $18 {Strongly threatening Rd7.} Rd8 28. Bd2) 27... Rd8 (27... b6 $16) 28. Ke2 b6 {[#]} 29. b4 bxc5 30. bxc5 Ke7 31. c6 a6 {[#]} (31... Rb8 $142 32. Bb3 (32. Bxa7 Ra8 $18) 32... Bd6 33. Bxa7 Rc8) 32. Bc1 {A strong pair of Bishops.} (32. Bc4 $1 $18 {is the precise move to win.}) 32... Nc5 $2 (32... Bd6 $16 33. Bb2 Rc8) 33. Bc4 (33. Ba3 $18 Bb6 34. c7) 33... Rxd1 $16 34. Kxd1 {Bb2 is the strong threat.} e3 {Weighted Error Value: White=0.27 (precise) /Black=0.34.  Loses game:     	---       	Black=1      Mistake:       	White=4     	Black=5      Inaccurate:     	White=2     	Black=1      OK:         	White=11    	Black=8      Best:        	White=1     	Black=4} ({Don't go for} 34... Kd6 $2 35. Bb2 $18) 1-0

[Event "45th FIDE Olympiad 2024"]
[Site "Budapest"]
[Date "2024.09.12"]
[Round "2.153"]
[White "Supi, Luis Paulo"]
[Black "Santos Flores, Alberto"]
[Result "1-0"]
[ECO "A13"]
[WhiteElo "2570"]
[BlackElo "2168"]
[Annotator "TA"]
[PlyCount "109"]
[EventDate "2024.09.05"]
[EventType "team-tourn"]
[EventCountry "HUN"]
[SourceTitle "playchess.com"]
[Source "ChessBase"]
[SourceQuality "1"]
[WhiteTeam "Brazil"]
[BlackTeam "Ecuador"]
[WhiteTeamCountry "BRA"]
[BlackTeamCountry "ECU"]
[TimeControl "40/5400+30:1800+30"]

1. c4 e6 2. Nf3 d5 3. g3 dxc4 4. Bg2 Nf6 5. O-O a6 6. Qc2 Bd6 7. Qxc4 b5 8. Qc2 Bb7 9. a4 c5 10. Nc3 Qb6 11. Ng5 Bxg2 12. Kxg2 b4 13. Nce4 Nbd7 14. d3 h6 15. Nxf6+ Nxf6 16. Nf3 O-O 17. b3 (17. Nd2 {is interesting.} Ng4 18. e4 Rad8 19. Nc4) 17... Rac8 18. Bb2 Nd7 19. Qc4 Be7 20. Rac1 Qb7 21. Rc2 Bf6 22. Bxf6 Nxf6 23. Rfc1 Nd5 24. d4 (24. Qe4 $11 Qe7 25. Nd2) 24... Nb6 (24... cxd4 $15 25. Qxc8 Rxc8 26. Rxc8+ Kh7) 25. Qd3 $11 cxd4 ({Reject} 25... c4 26. bxc4 Rfd8 27. Qb3 $16) 26. Qxd4 Rxc2 27. Rxc2 Nd5 $1 28. Rc4 a5 29. Rc5 Qa6 30. Qd3 Qb6 31. Qb5 Qxb5 32. Rxb5 Ra8 33. Nd4 Ra6 34. Rc5 Ne7 35. Nf3 Nc6 36. Nd2 Kf8 (36... f6 $142 37. Nc4 Kh7) 37. e3 $16 Ke7 38. Nc4 Kd7 39. Kf3 Ra7 40. h4 Ra6 41. g4 Ra7 42. Ke4 Ra6 43. f4 f6 (43... Ke8 $142 44. f5 exf5+ 45. gxf5 g6 46. fxg6 fxg6) 44. Kd3 $18 Ra7 45. h5 Ra6 46. e4 Ra7 47. e5 Ra6 $2 (47... fxe5 $16 48. Nxe5+ (48. fxe5 Kc7 $18) 48... Nxe5+ 49. fxe5 (49. Rxe5 Rc7 $16) 49... Kd8) 48. exf6 $18 gxf6 49. g5 fxg5 50. fxg5 Ke7 51. gxh6 Kf8 52. Nxa5 Rxa5 53. Rxc6 Rxh5 54. Rxe6 (54. Rc8+ $142 Kf7 55. h7 Rh3+ 56. Kd4 Rh4+ 57. Kc5 Rh5+ 58. Kd6 (58. Kxb4 Rh4+ 59. Kc5 Rh5+ 60. Kd6 Rd5+ 61. Kc6 Rh5 62. h8=Q Rxh8 63. Rxh8 e5) 58... Rxh7 59. Rc7+ Kg8 60. Rxh7) 54... Kf7 55. Rb6 1-0

[Event "45th FIDE Olympiad 2024"]
[Site "Budapest"]
[Date "2024.09.12"]
[Round "2.154"]
[White "Noboa Silva, Kevin"]
[Black "Fier, Alexandr"]
[Result "1/2-1/2"]
[ECO "D31"]
[WhiteElo "2270"]
[BlackElo "2551"]
[Annotator "TA"]
[PlyCount "172"]
[EventDate "2024.09.05"]
[EventType "team-tourn"]
[EventCountry "HUN"]
[SourceTitle "playchess.com"]
[Source "ChessBase"]
[SourceQuality "1"]
[WhiteTeam "Ecuador"]
[BlackTeam "Brazil"]
[WhiteTeamCountry "ECU"]
[BlackTeamCountry "BRA"]
[TimeControl "40/5400+30:1800+30"]

1. d4 d5 2. c4 e6 3. Nc3 c6 4. cxd5 exd5 5. Bf4 Bd6 6. Bg3 Ne7 7. e3 Nf5 8. Bd3 Nxg3 {D31: Queen's Gambit Declined: Semi-Slav without ...Nf6 (+ Marshall Gambit and Noteboom) and Exchange Variation lines without ...Nf6.} 9. hxg3 Nd7 10. Nf3 Nf6 11. Qc2 h6 12. Nh4 O-O 13. O-O Re8 14. Rfe1 $146 ({Predecessor:} 14. Nf5 Bxf5 15. Bxf5 Qe7 16. Rfd1 g6 17. Bd3 Ng4 18. e4 Qg5 19. Be2 {1-0 Brujatsky,E (2185)-Bruyatskaya,M (2040) Dimitrovgrad-ch 2009 (8)}) 14... Be6 15. Rad1 Bf8 16. a3 a5 17. Nf3 Bg4 18. Bf5 Bxf5 19. Qxf5 Qb6 20. Qc2 Re6 21. Na4 Qc7 22. Nc5 Bxc5 23. dxc5 a4 24. Rd4 Qa5 25. Rb4 Qa7 26. Rc1 Ne4 27. Nd2 Nf6 28. Nf3 Re7 29. Qd1 Re4 30. Nd4 Nd7 31. Nb5 Qa5 32. Rxe4 dxe4 33. Nd6 Nxc5 34. Qh5 Nd3 35. Qxf7+ Kh7 36. Nxb7 Qg5 (36... Qd5 {simplifies} 37. Qxd5 cxd5 38. Rc7 Ra7) 37. Rc3 Ra7 38. Qe6 Nxf2 39. Kxf2 (39. Qxc6 Qxg3 40. Qd5 Nh3+ 41. Kh1 Qg4 42. gxh3 Qxh3+ 43. Kg1 Qg4+ 44. Kf1 Ra8 $11 (44... Rxb7 $2 45. Qxb7 Qd1+ 46. Kf2 $18)) 39... Rxb7 40. Qxe4+ ({Reject} 40. Rxc6 Rxb2+ 41. Kg1 Rb1+ (41... Qxg3 42. Qf5+ g6 43. Qf7+ Kh8 44. Rc8#) (41... Qxe3+ 42. Kh2 $11) 42. Kf2 Qf6+ (42... Rb2+ 43. Kg1 $11) 43. Qxf6 gxf6 $11) 40... Kh8 41. Rxc6 Rxb2+ 42. Kg1 Rb8 43. Ra6 Qxg3 44. Rxa4 Qe1+ $1 45. Kh2 Qb1 46. Qxb1 Rxb1 47. Kg3 Kh7 48. Ra6 h5 49. a4 Rb4 50. a5 Ra4 51. Ra7 Kh6 52. a6 Kg6 ({Better is} 52... h4+ $1 $14 53. Kh3 Ra3) 53. Ra8 $1 $16 Kg5 $2 (53... h4+ $16 54. Kf3 Kg5) 54. Kf3 $2 (54. a7 $18 h4+ 55. Kh3) 54... h4 $1 $11 55. Ra7 g6 56. Ra8 Ra2 57. a7 (57. e4 $5 Ra3+ $8 58. Kf2 Ra2+ 59. Ke3 Rxg2 60. a7 $11) 57... Ra3 58. Kf2 Ra2+ $1 59. Kg1 Kg4 60. Rg8 (60. Kh2 {is more complex.} Ra1 61. e4 Ra2 62. Rg8) 60... Rxa7 61. Rxg6+ Kf5 62. Rg8 Re7 63. Kf2 Rh7 64. Rf8+ Ke4 65. Rf4+ Ke5 66. Rf3 Ke4 67. Rh3 Rh8 $2 {[#]} (67... Kf5 $11 {and Black is okay.}) 68. Ke2 $1 $18 Kf5 69. g3 Rg8 $2 (69... Ra8) 70. gxh4 $18 Kg4 {[#]} 71. Rh1 $1 Rh8 $2 (71... Kh5 72. Rf1 Ra8) 72. h5 $18 Rh6 73. Kd3 Kf3 74. Rh4 $2 (74. Kd4 $18 Kg2 75. Ra1 (75. Rh4 Kg3 $18)) 74... Kg3 $11 75. Rf4 Rxh5 76. Rf8 Ra5 77. e4 Kg4 78. Re8 Kf4 79. Rf8+ Kg4 80. Rf1 Kg5 81. Rf2 Ra3+ 82. Kd4 Ra4+ 83. Kd5 Ra5+ 84. Kd6 Ra6+ 85. Kc5 Ra5+ 86. Kb4 Re5 1/2-1/2

[Event "45th FIDE Olympiad 2024"]
[Site "Budapest"]
[Date "2024.09.12"]
[Round "2.155"]
[White "Quintiliano, Renato R."]
[Black "Garzon Zapatanga, Christopher Leonel"]
[Result "1-0"]
[ECO "E92"]
[WhiteElo "2499"]
[BlackElo "2216"]
[Annotator "TA"]
[PlyCount "95"]
[EventDate "2024.09.05"]
[EventType "team-tourn"]
[EventCountry "HUN"]
[SourceTitle "playchess.com"]
[Source "ChessBase"]
[SourceQuality "1"]
[WhiteTeam "Brazil"]
[BlackTeam "Ecuador"]
[WhiteTeamCountry "BRA"]
[BlackTeamCountry "ECU"]
[TimeControl "40/5400+30:1800+30"]

1. d4 Nf6 2. c4 g6 3. Nc3 Bg7 4. e4 d6 5. Nf3 O-O 6. Be2 e5 7. d5 a5 8. h3 Na6 9. Bg5 Qe8 10. g4 Bd7 11. Nd2 h6 12. Be3 {White is better.} Nh7 13. h4 f5 14. gxf5 gxf5 15. exf5 Bxf5 16. Nde4 Nf6 17. f3 {White is more active.} Nh5 18. Qd2 Nf4 19. O-O-O b6 20. Rdg1 Kh8 21. Bd1 Nc5 22. Bc2 Qe7 23. Rg3 Rf7 24. Rhg1 {Nxc5 would now be deadly.} Bh7 25. Nxc5 bxc5 26. Bxh7 Kxh7 27. Rg4 Raf8 28. Ne2 h5 29. Rg5 Bh6 30. Bxf4 Rxf4 {Black is weak on the light squares} 31. Nxf4 {Intending Ng6 and mate.} (31. Rxh5 {looks sharper.} R4f6 32. Kb1 Qf7 33. Rgg5) 31... Bxg5 32. Rxg5 Rxf4 33. Rxh5+ $16 {[%mdl 4096] Endgame. KQR-KQR} (33. Qxa5 $2 Rxc4+ (33... Rxf3 34. Rxh5+ Kg6 35. Rg5+ Kh6 36. Qd2 $16) (33... Rxh4 $2 34. Rg1 $19) 34. Kb1 Rxh4 $19) 33... Kg6 34. Rg5+ Kh6 $2 {[%mdl 8192] [#] This move loses the game for Black.} (34... Kf7 $16) 35. Rg4 $1 $18 (35. Qxa5 $2 Rxc4+ 36. Kd2 e4 $19) 35... Qf6 36. Rxf4 (36. Qxa5 Rxg4 37. fxg4 Qf1+ 38. Kd2 Qxc4 $11) 36... exf4 37. Qxa5 Qxh4 {KQ-KQ} 38. Qc3 {White threatens Qh8+ and mate.} (38. Qxc7 Qe1+ 39. Kc2 Qe2+ 40. Kc1 Qxc4+ 41. Kd2 Qxd5+ 42. Ke1 Qd3 $11 (42... Qxa2 43. Qxd6+ Kg7 44. Qe5+ Kg6 45. Qe4+ Kg5 46. Qe5+ Kg6 47. Kf2 $11)) 38... Qe7 39. a4 Kg5 $2 (39... Qe8 40. b3 Kg6) 40. Kd1 $2 (40. a5 Qd7 41. Qb3) 40... Qh7 (40... Qd7 {might work better.}) 41. a5 Qh1+ (41... Qb1+ $142 42. Kd2 Qa2 43. Qg7+ Kf5 44. Qg4+ (44. Qxc7 Qxb2+ 45. Kd1 Qd4+ 46. Kc2 Qxc4+ 47. Kb2 Qe2+ 48. Kc1 Qxf3 $11) 44... Kf6) 42. Kc2 {Black must now prevent Qg7+.} Qh2+ $2 (42... Qf1 43. b3 (43. Qg7+ Kf5 $18) 43... Qf2+ 44. Kb1 Qg1+ 45. Kb2 Qf2+ 46. Qc2 (46. Ka3 Qe3 $18) 46... Qe1) 43. Kb3 {Threatens to win with a6.} Qe2 44. Qg7+ Kf5 45. Qg4+ (45. Qxc7 Qxf3+ (45... Qd3+ 46. Ka2 $11) 46. Ka4 Qe2 47. Qf7+ (47. Qxd6 Qxc4+ 48. Ka3 Qb4+ 49. Ka2 Qxa5+ 50. Kb1 Qe1+ 51. Ka2 Qe8 $11) 47... Kg5 $16) 45... Kf6 46. Qxf4+ (46. Qe6+ $142 Qxe6 47. dxe6 Kxe6 48. a6 Ke5 49. a7 Ke6 50. a8=Q (50. a8=B Ke5 $18) 50... Kd7 51. Kc3 (51. Qa4+ c6 52. Qa7+ Ke6 53. Qc7 Kf6 54. Qxd6+ Kg7 55. Qd7+ Kg8)) 46... Kg7 47. Qg4+ Kf6 {[#]} 48. Qe6+ $1 {Weighted Error Value: White=0.25 (precise) /Black=0.61.  Loses game:     	---       	Black=1      Mistake:       	White=1     	Black=4      Inaccurate:     	White=1     	Black=4      OK:         	White=13    	Black=10     Best:        	White=4     	Black=3      Strong:       	White=1     	---} 1-0

[Event "45th FIDE Olympiad 2024"]
[Site "Budapest"]
[Date "2024.09.12"]
[Round "2.156"]
[White "Mieles Palau, Daniel"]
[Black "Di Berardino, Diego Rafael"]
[Result "0-1"]
[ECO "A34"]
[WhiteElo "2321"]
[BlackElo "2472"]
[Annotator "TA"]
[PlyCount "54"]
[EventDate "2024.09.05"]
[EventType "team-tourn"]
[EventCountry "HUN"]
[SourceTitle "playchess.com"]
[Source "ChessBase"]
[SourceQuality "1"]
[WhiteTeam "Ecuador"]
[BlackTeam "Brazil"]
[WhiteTeamCountry "ECU"]
[BlackTeamCountry "BRA"]
[TimeControl "40/5400+30:1800+30"]

1. c4 c5 2. Nf3 Nf6 3. Nc3 d5 4. cxd5 Nxd5 5. g3 Nc6 6. Bg2 Nc7 7. O-O e5 8. d3 Be7 9. Nd2 Bd7 10. Nc4 f6 11. f4 b5 12. Ne3 O-O 13. Ned5 (13. fxe5 {is more complex.} Nxe5 14. Bxa8 Qxa8 15. Nf5) 13... Rb8 {White has an edge.} 14. Nxc7 Qxc7 15. a4 b4 16. Nd5 Qd6 17. Be3 Nd4 18. fxe5 fxe5 19. Nxe7+ Qxe7 20. Bxd4 exd4 21. Qb3+ Kh8 22. Rxf8+ Rxf8 23. Qd5 Bg4 24. Be4 $2 {[%mdl 8192] Loses the game.} (24. Qe4 $15 Qxe4 25. Bxe4) 24... Bxe2 $19 {Black is clearly winning.} 25. Kg2 {[#]} c4 26. Qxd4 cxd3 27. Bxd3 {[#]} Bf3+ $1 {Weighted Error Value: White=0.49/Black=0.00 (flawless) .  Loses game:     	White=1     	---        Inaccurate:     	White=3     	---        OK:         	White=5     	Black=3      Best:        	White=1     	Black=3      Brilliant:      	---       	Black=1} 0-1

[Event "45th FIDE Olympiad 2024"]
[Site "Budapest"]
[Date "2024.09.12"]
[Round "2.157"]
[White "Wiedenkeller, Michael"]
[Black "Grandelius, Nils"]
[Result "0-1"]
[ECO "A47"]
[WhiteElo "2406"]
[BlackElo "2653"]
[Annotator "TA"]
[PlyCount "63"]
[EventDate "2024.09.05"]
[EventType "team-tourn"]
[EventCountry "HUN"]
[SourceTitle "playchess.com"]
[Source "ChessBase"]
[SourceQuality "1"]
[WhiteTeam "Luxembourg"]
[BlackTeam "Sweden"]
[WhiteTeamCountry "LUX"]
[BlackTeamCountry "SWE"]
[TimeControl "40/5400+30:1800+30"]

1. d4 Nf6 2. Bg5 b6 3. Nd2 Bb7 4. Ngf3 d6 5. Bxf6 exf6 6. e4 g6 7. Bd3 Bg7 8. O-O {The position is equal.} O-O 9. a4 Nc6 10. c3 d5 11. b4 dxe4 12. Bxe4 f5 13. Bd3 Ne7 14. Qb3 Rb8 15. Bc4 Nd5 16. Rad1 c5 17. Rfe1 cxb4 (17... Nf4 {is interesting.} 18. dxc5 bxc5 19. Ne4 Qc7) 18. cxb4 Nf4 19. d5 Rc8 (19... Bxd5 $2 20. Nb1 $18) (19... Nxd5 $2 20. Nf1 $18) 20. Nf1 Qd6 21. g3 Nh5 22. Nd4 Bxd4 23. Rxd4 Nf6 24. Ne3 Rfe8 25. Red1 Re4 26. Rxe4 Nxe4 27. Bf1 (27. f3 $11 {keeps the balance.} Ng5 28. Kg2) 27... f4 $17 {Black has more active pieces. Black is better.} 28. Nc4 {[#]} Qf6 {...fxg3 would now be deadly.} ({Not} 28... Bxd5 29. Nxd6 Bxb3 30. Nxc8 $16) 29. Qf3 fxg3 30. Qxf6 Nxf6 31. hxg3 Bxd5 (31... Nxd5 $2 {perishes.} 32. Nd6 Rc7 (32... Nc3 $2 33. Rd3 $18) 33. Nxb7 $18) 32. Nd6 {Weighted Error Value: White=0.13 (very precise) /Black=0.08 (flawless) .  Mistake:       	White=1     	---        Inaccurate:     	White=3     	Black=1      OK:         	White=12    	Black=12} 0-1

[Event "45th FIDE Olympiad 2024"]
[Site "Budapest"]
[Date "2024.09.12"]
[Round "2.158"]
[White "Hillarp Persson, Tiger"]
[Black "Berend, Fred"]
[Result "1/2-1/2"]
[ECO "A09"]
[WhiteElo "2457"]
[BlackElo "2230"]
[Annotator "TA"]
[PlyCount "97"]
[EventDate "2024.09.05"]
[EventType "team-tourn"]
[EventCountry "HUN"]
[SourceTitle "playchess.com"]
[Source "ChessBase"]
[SourceQuality "1"]
[WhiteTeam "Sweden"]
[BlackTeam "Luxembourg"]
[WhiteTeamCountry "SWE"]
[BlackTeamCountry "LUX"]
[TimeControl "40/5400+30:1800+30"]

1. Nf3 Nf6 2. g3 d5 3. Bg2 c5 4. c4 dxc4 5. Na3 Nc6 6. Nxc4 g6 7. b3 Bg7 8. Bb2 O-O 9. O-O Be6 10. Rc1 Rc8 11. d4 cxd4 12. Nxd4 Bd5 13. Nxc6 Bxc6 14. Bxc6 Rxc6 15. Qxd8 Rxd8 16. Rfd1 Rb8 17. Kf1 Ne8 18. Bxg7 Kxg7 19. Ne5 Rxc1 20. Rxc1 $11 {[%mdl 4096] Endgame. KRN-KRN} Rd8 21. Ke1 Kf6 22. Nd3 Nd6 23. f3 Rc8 24. Rxc8 Nxc8 {KN-KN} 25. Kd2 e6 26. e4 Ke7 27. Kc3 Kd6 28. Kd4 Ne7 {The position is equal.} 29. e5+ (29. Ne5 $5 f6 $8 30. Nf7+ Kc7 31. f4 $14) 29... Kc6 30. Nf2 Nf5+ 31. Ke4 h6 32. Nd3 a5 33. Nb2 b5 34. a3 Ne7 35. Nd3 Kb6 36. g4 Nd5 37. Kd4 {Prevents Nc3} Ne7 38. h4 Nc6+ 39. Ke4 Ne7 40. Kd4 Nc6+ 41. Ke3 Ne7 42. Ke4 Nc6 43. Ke3 Ne7 44. Nf2 Nc6 45. Ke4 Ne7 46. Nd3 Nc6 47. Nf2 Kc5 48. Nd3+ Kb6 49. Ke3 {An uneventful encounter.   Weighted Error Value: White=0.05 (flawless) /Black=0.05 (flawless) .  Inaccurate:     	White=1     	Black=2      OK:         	White=12    	Black=11} 1/2-1/2